 Dungeon Crawl Stone Soup version 0.30-a0-930-gb9d0489357 (webtiles) character file.

Game seed: 10426921801997904698

30 bmack86 the Covered (level 3, -5/33 HPs)
             Began as a Minotaur Fighter on Mar 24, 2023.
             Killed by nerve-wracking pain
             ... invoked by Jessica
              (11 damage)
             ... on level 2 of the Dungeon.
             The game lasted 00:03:03 (813 turns).

bmack86 the Covered (Minotaur Fighter)               Turns: 813, Time: 00:03:04

Health: -5/33      AC:  7    Str: 22    XL:     3   Next: 3%
Magic:  2/2        EV:  9    Int:  5    God:
Gold:   63         SH:  4    Dex:  9    Spells: 2/2 levels left

rFire   . . .      SeeInvis .    a - +3 war axe (heavy)
rCold   . . .      Faith    .    c - +0 buckler
rNeg    . . .      Spirit   .    b - +0 scale mail
rPois   .          Reflect  .    (helmet restricted)
rElec   .          Rampage  .    (no cloak)
rCorr   .                        (no gloves)
Will    .....                    (no boots) Stlth
                                 (no amulet)
HPRegen 0.25/turn                (no ring)
MPRegen 0.08/turn                (no ring)

@: no status effects
A: horns 2, retaliatory headbutt
a: no special abilities


You were on level 2 of the Dungeon.
You visited 1 branch of the dungeon, and saw 2 of its levels.

You collected 63 gold pieces.

Inventory:

Hand Weapons
 a - a +3 heavy war axe (weapon)
Armour
 b - a +0 scale mail (worn)
 c - a +0 buckler (worn)
Jewellery
 e - a ring of poison resistance
Scrolls
 i - a scroll of fog {unknown}
Potions
 d - 2 potions of might
 f - a potion of lignification


   Skills:
 + Level 4.0 Fighting
 * Level 3.2 Axes
 + Level 4.0 Armour
 + Level 4.0 Shields


You had 2 spell levels left.
You didn't know any spells.
Your spell library contained the following spells:

 Spells                   Type           Power      Damage    Failure   Level
 Dazzling Flash           Conj/Hex       0%         N/A       99%         3
 Agony                    Necr           0%         N/A       100%        5
 Silence                  Hex/Air        0%         N/A       100%        5


Dungeon Overview and Level Annotations

Branches:
Dungeon (2/15)

Altars:

Annotations:
D:2 Jessica


Innate Abilities, Weirdness & Mutations

You have a pair of horns on your head.
You reflexively headbutt those who attack you in melee.


Message History

Your experience leads to an increase in your attributes!
Increase (S)trength, (I)ntelligence, or (D)exterity?
You feel stronger. x2
An endoplasm comes into view.
The endoplasm quivers.
An endoplasm is nearby!
Jessica the Apprentice Sorceress comes into view.
She is wielding a +1 dagger of holy wrath.
Found a stone staircase leading up.
Jessica drinks a potion.
Jessica flickers and vanishes!
Deactivating autopickup; reactivate with Ctrl-A.
The endoplasm freezes you.
You are frozen.
Something tries to affect you, but you resist.
The endoplasm closely misses you.
You completely miss the endoplasm. You headbutt the endoplasm.
You kill the endoplasm!
Your Fighting skill increases to level 4!
Your Shields skill increases to level 4!
Found a scroll labelled GEVVEVVEOXT.
You hear some strange, mumbled words.
Something hits you. You block something's attack.
Something hits you but does no damage.
You hear some strange, mumbled words.
Something hits you. Something hits you. You block something's attack.
Something hits you. Something hits you.
You closely miss something. You block something's attack.
Something hits you. x2
You miss something. You headbutt something! You block something's attack.
Something hits you but does no damage. Something hits you. x2
* * * LOW HITPOINT WARNING * * *
You closely miss something. Your headbutt misses something.
You block something's attack.
You hear some strange, mumbled words.
Found 13 gold pieces.
You hear some strange, mumbled words.
Pain shoots through your body!
* * * LOW HITPOINT WARNING * * *
Pain shoots through your body!
You die...

.. .### # ..
....###### .#
#.###....?.. #.# ..
.#...#....# #.$. #.#
#8.⌠..#...## ...
.#..###..⌠.#....##.#
..#8#_#...#.......#
#...#∩#8#.....@###
#.⌠..###...{..<#
##.)⌠.8##......####
#.#...#............
#..###.##...##.####
##.##.#####.###.#
.......# #.# #.#
#.###..# #.# #.#
#......####.#


There were no monsters in sight!

Vanquished Creatures
  6 ball pythons
  2 bats
  6 endoplasms
  A giant cockroach (D:1)
  A goblin (D:1)
  2 hobgoblins (D:1)
  2 jackals (D:1)
  3 kobolds
  A rat (D:1)
24 creatures vanquished.

Notes
Turn   | Place    | Note
-------+----------+-------------------------------------------
     0 | D:1      | bmack86 the Minotaur Fighter began the quest for the Orb.
     0 | D:1      | Reached XP level 1. HP: 19/19 MP: 0/0
   253 | D:1      | Reached XP level 2. HP: 25/27 MP: 1/1
   780 | D:2      | Found a faded altar of an unknown god.
   789 | D:2      | Reached XP level 3. HP: 33/33 MP: 2/2
   793 | D:2      | Noticed Jessica
   813 | D:2      | Killed from afar by Jessica

Illustrated notes

Levels and vault maps discovered:
D:1:      dpeg_arrival_short_road, layout_basic, minmay_split_cup_large
D:2:      layout_loops_ring, shapermc_ecumenical_altar_venn, uniq_jessica

Skill      XL: |  1  2  3 |
---------------+----------+-----
Axes           | 3 |  3.2
Armour         | 4 |  4.0
Fighting       | 4 |  4.0
Shields        | 4 |  4.0

Action                     || total
---------------------------++-------
  Melee: War axe           ||    47
         Headbutt          ||     5
    Use: Scroll            ||     7
 Armour: Scale mail        ||    40
  Dodge: Dodged            ||    28
  Block: Buckler           ||    13

Table legend: (Time is in decaauts)
 A = Elapsed time spent in this place.
 B = Non-inter-level travel time spent in this place.
 C = Inter-level travel time spent in this place.
 D = Time resting spent in this place.
 E = Time spent auto-exploring this place.
 F = Levels seen in this place.
 G = Mean time per level.
                   A        B        C        D        E       F      G
               +--------+--------+--------+--------+--------+-----+--------+
         Total |    857 |    848 |      9 |      0 |    589 |   2 |  428.5 |
       Dungeon |    857 |    848 |      9 |      0 |    589 |   2 |  428.5 |
               +--------+--------+--------+--------+--------+-----+--------+

Top non-repeatable levels by time:
     D:1: 656 daAuts
     D:2: 200 daAuts
